NWL
RENTON WRECKS @ TRI-CITY DUST DEVILS
08/05/1982
 
TOP OF THE 1ST
Renton Wrecks batting - Pitching for Tri-City Dust Devils : LHP Bobby Garcia
Pitching: LHP Bobby Garcia
Batting: RHB Rolando Pino 0-0: Ball
1-0: Ball
2-0: Ball
3-0: Called Strike
3-1: Ground out 6-3 (Groundball, 6MS, EV 83.1 MPH)
Batting: SHB Ethan Charles 0-0: Ball
1-0: Ball
2-0: Ball
3-0: Foul Ball, location: 2F
3-1: Base on Balls
Batting: RHB Luis Gomez 0-0: Fly out, F4 (Line Drive, 4, EV 65.0 MPH)
Batting: RHB Stan Holmes 0-0: Called Strike
0-1: Ball
1-1: Ball
Wild Pitch!
Ethan Charles to second
2-1: Ball
3-1: DOUBLE (Groundball, 5L, EV 103.1 MPH)
Ethan Charles scores
Batting: RHB Andrew Pratt 0-0: Ball
1-0: Swinging Strike
1-1: Foul Ball, location: 2F
1-2: Strikes out looking
Top of the 1st over - 1 run, 1 hit, 0 errors, 1 left on base; Renton 1 - Tri-City 0
BOTTOM OF THE 1ST
Tri-City Dust Devils batting - Pitching for Renton Wrecks : RHP Jeff Bettendorf
Pitching: RHP Jeff Bettendorf
Batting: LHB LaVel Freeman 0-0: Fly out, F8 (Line Drive, 8RD, EV 95.0 MPH)
Batting: RHB Robert Martinez 0-0: Ball
1-0: Fly out, F8 (Flyball, 89M, EV 93.1 MPH)
Batting: RHB Desmond Brooks 0-0: Ball
1-0: Ground out 6-3 (Groundball, 6, EV 106.9 MPH)
Bottom of the 1st over - 0 runs, 0 hits, 0 errors, 0 left on base; Renton 1 - Tri-City 0
TOP OF THE 2ND
Renton Wrecks batting - Pitching for Tri-City Dust Devils : LHP Bobby Garcia
Batting: LHB Troy Thomas 0-0: Called Strike
0-1: Foul Ball, location: 2F
0-2: Foul Ball, location: 2F
0-2: Strikes out swinging
Batting: RHB Frank Garcia 0-0: Ball
1-0: Called Strike
1-1: Foul Ball, location: 2F
1-2: Ball
2-2: Ball
3-2: Base on Balls
Batting: LHB Paul Thoutsis 0-0: Called Strike
0-1: Grounds into double play, 1-4-3 (Groundball, 15S, EV 71.9 MPH)
Top of the 2nd over - 0 runs, 0 hits, 0 errors, 0 left on base; Renton 1 - Tri-City 0
BOTTOM OF THE 2ND
Tri-City Dust Devils batting - Pitching for Renton Wrecks : RHP Jeff Bettendorf
Batting: RHB Felipe Hernandez 0-0: Ball
1-0: Foul Ball, location: 2F
1-1: Foul Ball, location: 2F
1-2: SINGLE (Groundball, 34D, EV 106.3 MPH)
Batting: LHB Rafael Codinach 0-0: Fly out, F8 (Flyball, 8LD, EV 100.0 MPH)
Batting: LHB George Priftis 0-0: Called Strike
0-1: Swinging Strike
0-2: Ball
1-2: Foul Ball, location: 2F
1-2: Ball
2-2: Foul Ball, location: 2F
2-2: Strikes out swinging
Batting: RHB Dennis Glynn 0-0: Called Strike
0-1: Ball
1-1: Foul Ball, location: 2F
1-2: Ground out 1-3 (Groundball, 13S, EV 70.6 MPH)
Bottom of the 2nd over - 0 runs, 1 hit, 0 errors, 1 left on base; Renton 1 - Tri-City 0
TOP OF THE 3RD
Renton Wrecks batting - Pitching for Tri-City Dust Devils : LHP Bobby Garcia
Batting: LHB Christian Bryeans 0-0: Ball
1-0: Foul Ball, location: 2F
1-1: Ground out 6-3 (Groundball, 6M, EV 93.1 MPH)
Batting: RHB Rolando Pino 0-0: Called Strike
0-1: Ball
1-1: Swinging Strike
1-2: Strikes out looking
Batting: SHB Ethan Charles 0-0: SINGLE (Line Drive, 3L, EV 99.4 MPH)
Batting: RHB Luis Gomez 0-0: Called Strike
Ethan Charles steals 2nd base
0-1: Ball
1-1: Foul Ball, location: 2F
1-2: Ball
2-2: Ball
3-2: Fly out, F3 (Flyball, 3D, EV 83.1 MPH)
Top of the 3rd over - 0 runs, 1 hit, 0 errors, 1 left on base; Renton 1 - Tri-City 0
BOTTOM OF THE 3RD
Tri-City Dust Devils batting - Pitching for Renton Wrecks : RHP Jeff Bettendorf
Batting: RHB Gereld McDermott 0-0: Foul Ball, location: 2F
0-1: Ball
1-1: Ball
2-1: Called Strike
2-2: Fly out, F6 (Line Drive, 6, EV 67.5 MPH)
Batting: RHB Jeff DeWillis 0-0: Ball
1-0: Ball
2-0: Foul Ball, location: 2F
2-1: Ball
3-1: Ground out 4-3 (Groundball, 4, EV 85.0 MPH)
Batting: LHB LaVel Freeman 0-0: Ball
1-0: Ball
2-0: Swinging Strike
2-1: Ball
3-1: Foul Ball, location: 2F
3-2: Base on Balls
Batting: RHB Robert Martinez 0-0: Ball
1-0: Foul Ball, location: 2F
1-1: Foul Ball, location: 2F
1-2: SINGLE (Flyball, 7LS, EV 90.0 MPH)
LaVel Freeman to second
LaVel Freeman to third
Batting: RHB Desmond Brooks 0-0: Ball
1-0: Called Strike
1-1: SINGLE (Groundball, 6MD, EV 103.8 MPH)
LaVel Freeman scores
Robert Martinez to second
Runner from 2nd tries for 3rd, SAFE, throw by CF made to third
Batting: RHB Felipe Hernandez 0-0: Fly out, F8 (Flyball, 8LS, EV 89.4 MPH)
Bottom of the 3rd over - 1 run, 2 hits, 0 errors, 2 left on base; Renton 1 - Tri-City 1
TOP OF THE 4TH
Renton Wrecks batting - Pitching for Tri-City Dust Devils : LHP Bobby Garcia
Batting: RHB Stan Holmes 0-0: Fly out, F9 (Flyball, 89S, EV 78.1 MPH)
Batting: RHB Andrew Pratt 0-0: Foul Ball, location: 2F
0-1: Ball
1-1: SINGLE (Flyball, 8RS, EV 95.0 MPH)
Batting: LHB Troy Thomas 0-0: Called Strike
0-1: Ball
1-1: Fielders Choice at 2nd, 6-4 (Groundball, 6M, EV 83.1 MPH)
Batting: RHB Frank Garcia 0-0: Ground out 5-3 (Groundball, 56S, EV 86.9 MPH)
Top of the 4th over - 0 runs, 1 hit, 0 errors, 1 left on base; Renton 1 - Tri-City 1
BOTTOM OF THE 4TH
Tri-City Dust Devils batting - Pitching for Renton Wrecks : RHP Jeff Bettendorf
Batting: LHB Rafael Codinach 0-0: Called Strike
0-1: Ball
1-1: Fly out, F4 (Popup, 4, EV 80.0 MPH)
Batting: LHB George Priftis 0-0: Ball
1-0: Ball
2-0: SINGLE (Line Drive, 7S, EV 106.3 MPH)
Batting: RHB Dennis Glynn 0-0: Called Strike
0-1: Ball
1-1: 2-RUN HOME RUN (Flyball, 78XD, EV 101.3 MPH), Distance : 445 ft
Batting: RHB Gereld McDermott 0-0: Ball
1-0: Ball
2-0: Ball
3-0: Base on Balls
Batting: RHB Jeff DeWillis 0-0: Called Strike
0-1: Ball
1-1: SINGLE (Groundball, 56D, EV 108.8 MPH)
Gereld McDermott to second
Batting: LHB LaVel Freeman 0-0: Called Strike
0-1: Reached via error on a dropped throw from 2B, E6 (Groundball, 4, EV 86.9 MPH)
Gereld McDermott to third
Jeff DeWillis to second
Batting: RHB Robert Martinez 0-0: Swinging Strike
0-1: DOUBLE (Groundball, 5L, EV 103.1 MPH)
Gereld McDermott scores
Jeff DeWillis scores
LaVel Freeman to third
Batting: RHB Desmond Brooks 0-0: Ball
1-0: Swinging Strike
1-1: Ball
2-1: Foul Ball, location: 2F
2-2: Fly out, F8 (Flyball, 8RD, EV 95.0 MPH)
Runner from 3rd tags up, SCORES, throw by CF
Batting: RHB Felipe Hernandez 0-0: Ball
1-0: Fly out, F6 (Flyball, 6D, EV 91.3 MPH)
Bottom of the 4th over - 5 runs, 4 hits, 1 error, 1 left on base; Renton 1 - Tri-City 6
TOP OF THE 5TH
Renton Wrecks batting - Pitching for Tri-City Dust Devils : LHP Bobby Garcia
Batting: LHB Paul Thoutsis 0-0: Foul Ball, location: 2F
0-1: Swinging Strike
0-2: Foul Ball, location: 2F
0-2: Ball
1-2: Foul Ball, location: 2F
1-2: Strikes out swinging, 2-3 out at first.
Batting: LHB Christian Bryeans 0-0: Ball
1-0: Foul Ball, location: 2F
1-1: Ball
2-1: Fly out, F9 (Flyball, 9S, EV 95.6 MPH)
Batting: RHB Rolando Pino 0-0: Ball
1-0: Called Strike
1-1: Ball
2-1: Foul Ball, location: 2F
2-2: Ball
3-2: Foul Ball, location: 2F
3-2: Base on Balls
Batting: SHB Ethan Charles 0-0: Called Strike
0-1: Ball
1-1: Swinging Strike
1-2: Strikes out swinging
Top of the 5th over - 0 runs, 0 hits, 0 errors, 1 left on base; Renton 1 - Tri-City 6
BOTTOM OF THE 5TH
Tri-City Dust Devils batting - Pitching for Renton Wrecks : RHP Jeff Bettendorf
Batting: LHB Rafael Codinach 0-0: Called Strike
0-1: Called Strike
0-2: Reached on error, E8 (Flyball, 8LM, EV 94.4 MPH)
Batting: LHB George Priftis 0-0: Ball
1-0: Called Strike
1-1: Ball
2-1: SINGLE (Line Drive, 9LS, EV 101.9 MPH)
Rafael Codinach to second
Pitching: RHP Alfredo Bisot
Batting: RHB Dennis Glynn 0-0: Called Strike
0-1: Ball
1-1: Sac Bunt to 15S - play at first, batter OUT! 1-4
Rafael Codinach to third
George Priftis to second
Batting: RHB Gereld McDermott 0-0: Ball
1-0: Ball
2-0: Ball
3-0: Base on Balls
Batting: RHB Jeff DeWillis 0-0: Ball
1-0: Called Strike
1-1: Ground out 6-3 (Groundball, 6S, EV 65.0 MPH)
Rafael Codinach scores
George Priftis to third
Gereld McDermott to second
Batting: LHB LaVel Freeman 0-0: Ball
1-0: Ball
2-0: Ball
3-0: Base on Balls
Batting: RHB Robert Martinez 0-0: Ball
1-0: Swinging Strike
1-1: Fielders Choice at 2nd, 6-4 (Groundball, 6, EV 81.3 MPH)
Bottom of the 5th over - 1 run, 1 hit, 1 error, 3 left on base; Renton 1 - Tri-City 7
TOP OF THE 6TH
Renton Wrecks batting - Pitching for Tri-City Dust Devils : LHP Bobby Garcia
Batting: RHB Luis Gomez 0-0: Ball
1-0: Called Strike
1-1: Ball
2-1: Fly out, F8 (Line Drive, 8LM, EV 98.1 MPH)
Batting: RHB Stan Holmes 0-0: Ground out 1-3 (Groundball, 13S, EV 66.3 MPH)
Batting: RHB Andrew Pratt 0-0: Ball
1-0: Swinging Strike
1-1: Ground out 1-3 (Groundball, 34S, EV 71.3 MPH)
Top of the 6th over - 0 runs, 0 hits, 0 errors, 0 left on base; Renton 1 - Tri-City 7
BOTTOM OF THE 6TH
Tri-City Dust Devils batting - Pitching for Renton Wrecks : RHP Alfredo Bisot
Batting: RHB Desmond Brooks 0-0: Ball
1-0: Ball
2-0: Called Strike
2-1: Ball
3-1: Swinging Strike
3-2: Foul Ball, location: 2F
3-2: Strikes out swinging
Batting: RHB Felipe Hernandez 0-0: Called Strike
0-1: SOLO HOME RUN (Flyball, 7D, EV 92.5 MPH), Distance : 384 ft
Batting: LHB Rafael Codinach 0-0: Ball
1-0: Foul Ball, location: 2F
1-1: Ground out 6-3 (Groundball, 6S, EV 88.1 MPH)
Batting: LHB George Priftis 0-0: Ball
1-0: Ball
2-0: Called Strike
2-1: Swinging Strike
2-2: Strikes out swinging
Bottom of the 6th over - 1 run, 1 hit, 0 errors, 0 left on base; Renton 1 - Tri-City 8
TOP OF THE 7TH
Renton Wrecks batting - Pitching for Tri-City Dust Devils : LHP Bobby Garcia
Batting: LHB Troy Thomas 0-0: Swinging Strike
0-1: Ball
1-1: Ground out 4-3 (Groundball, 4, EV 83.1 MPH)
Pinch Hitting: RHB Mike Henley 0-0: Ball
1-0: Foul Ball, location: 2F
1-1: Called Strike
1-2: Foul Ball, location: 2F
1-2: Foul Ball, location: 2F
1-2: Foul Ball, location: 2F
1-2: Ball
2-2: Ball
3-2: Ground out 6-3 (Groundball, 6, EV 105.6 MPH)
Pinch Hitting: LHB Melvin Taylor 0-0: Foul Ball, location: 2F
0-1: Ball
1-1: Ball
2-1: Swinging Strike
2-2: Fly out, F2 (Popup, 2LF, EV 88.8 MPH)
Top of the 7th over - 0 runs, 0 hits, 0 errors, 0 left on base; Renton 1 - Tri-City 8
BOTTOM OF THE 7TH
Tri-City Dust Devils batting - Pitching for Renton Wrecks : RHP Alfredo Bisot
Now in LF: Mike Henley
Now in RF: Melvin Taylor
Pinch Hitting: RHB Bill Lucas 0-0: Ball
1-0: Swinging Strike
1-1: Ball
2-1: Foul Ball, location: 2F
2-2: Ball
3-2: Base on Balls
Pitching: RHP Gregory Norris
Pinch Hitting: RHB Paul Daddario 0-0: Ball
1-0: Ball
2-0: Ball
3-0: Base on Balls
Bill Lucas to second
Batting: RHB Jeff DeWillis 0-0: Called Strike
0-1: Ball
1-1: Swinging Strike
1-2: SINGLE (Groundball, 4D, EV 99.4 MPH)
Bill Lucas to third
Paul Daddario to second
Runner from 3rd tries for Home, SAFE, throw by CF to home
Pinch Hitting: LHB David Otersen 0-0: Swinging Strike
0-1: Foul Ball, location: 2F
0-2: Foul Ball, location: 2F
0-2: Strikes out looking
Pinch Hitting: LHB Randy Puckett 0-0: Foul Ball, location: 2F
0-1: Ball
1-1: Foul Ball, location: 2F
1-2: Foul Ball, location: 2F
1-2: Strikes out swinging
Pinch Hitting: RHB Miguel Abraham 0-0: Foul Ball, location: 2F
0-1: Fielders Choice at 2nd, 5-4 (Groundball, 56, EV 85.6 MPH)
Bottom of the 7th over - 1 run, 1 hit, 0 errors, 2 left on base; Renton 1 - Tri-City 9
TOP OF THE 8TH
Renton Wrecks batting - Pitching for Tri-City Dust Devils : LHP Bobby Garcia
Now at 1B: Tony Bagwell
Now at 3B: Paul Daddario
Now at SS: Bill Lucas
Now in LF: Ray Williams
Now in CF: David Otersen
Batting: LHB Christian Bryeans 0-0: Swinging Strike
0-1: Ball
1-1: Called Strike
1-2: Foul Ball, location: 2F
1-2: Ball
2-2: Ball
3-2: Base on Balls
Batting: RHB Rolando Pino 0-0: Ball
1-0: Ball
2-0: Ball
3-0: Base on Balls
Christian Bryeans to second
Batting: SHB Ethan Charles 0-0: Ball
1-0: Ball
Wild Pitch!
Christian Bryeans to third
Rolando Pino to second
2-0: Ball
3-0: Called Strike
3-1: Base on Balls
Batting: RHB Luis Gomez 0-0: Ball
1-0: Foul Ball, location: 2F
1-1: Ball
2-1: Called Strike
2-2: SINGLE (Line Drive, 56, EV 95.0 MPH)
Christian Bryeans scores
Rolando Pino to third
Ethan Charles to second
Batting: RHB Stan Holmes 0-0: Foul Ball, location: 2F
0-1: Ball
1-1: Foul Ball, location: 2F
1-2: Fielders Choice at 2nd, 6-4 (Groundball, 6S, EV 85.6 MPH)
Rolando Pino scores
Ethan Charles to third
Batting: RHB Andrew Pratt 0-0: Called Strike
0-1: Foul Ball, location: 2F
0-2: Foul Ball, location: 2F
0-2: Foul Ball, location: 2F
0-2: Ball
1-2: Ball
2-2: Ball
3-2: Foul Ball, location: 2F
3-2: Foul Ball, location: 2F
3-2: Foul Ball, location: 2F
3-2: DOUBLE (Flyball, 89D, EV 112.5 MPH)
Ethan Charles scores
Stan Holmes to third
Batting: LHB Troy Thomas 0-0: Ball
1-0: Ball
2-0: Called Strike
2-1: Called Strike
2-2: Foul Ball, location: 2F
2-2: Strikes out swinging
Batting: RHB Mike Henley 0-0: DOUBLE (Line Drive, 5D, EV 103.8 MPH)
Stan Holmes scores
Andrew Pratt scores
Pitching: RHP Rich Doyle
Batting: LHB Melvin Taylor 0-0: Swinging Strike
0-1: Ball
1-1: Foul Ball, location: 2F
1-2: Strikes out swinging
Top of the 8th over - 5 runs, 3 hits, 0 errors, 1 left on base; Renton 6 - Tri-City 9
BOTTOM OF THE 8TH
Tri-City Dust Devils batting - Pitching for Renton Wrecks : RHP Gregory Norris
Batting: RHB Felipe Hernandez 0-0: Called Strike
0-1: SINGLE (Groundball, 6MD, EV 107.5 MPH)
Batting: LHB Rafael Codinach 0-0: Ball
1-0: Called Strike
1-1: Foul Ball, location: 2F
1-2: Ball
2-2: Foul Ball, location: 2F
2-2: Ball
3-2: Base on Balls
Felipe Hernandez to second
Batting: LHB George Priftis 0-0: Ball
1-0: Ball
2-0: Ball
3-0: Base on Balls
Felipe Hernandez to third
Rafael Codinach to second
Batting: RHB Bill Lucas 0-0: Ball
1-0: Ball
2-0: Ball
3-0: Base on Balls
Felipe Hernandez scores
Rafael Codinach to third
George Priftis to second
Pitching: RHP Stephen Lawrence
Batting: RHB Paul Daddario 0-0: Ball
1-0: Ball
2-0: Ball
3-0: Called Strike
3-1: Called Strike
3-2: Base on Balls
Rafael Codinach scores
George Priftis to third
Bill Lucas to second
Batting: RHB Jeff DeWillis 0-0: Called Strike
0-1: Ball
1-1: Swinging Strike
1-2: Ball
2-2: Foul Ball, location: 2F
2-2: Fly out, F8 (Flyball, 8LXD, EV 86.9 MPH)
Runner from 3rd tags up, SCORES, no throw by CF
Bill Lucas to third
Batting: LHB David Otersen 0-0: Ball
1-0: Ball
2-0: Called Strike
2-1: Fly out, F6 (Popup, 6D, EV 72.5 MPH)
Batting: RHB Tony Bagwell 0-0: Ball
1-0: Foul Ball, location: 2F
1-1: Ball
2-1: Swinging Strike
2-2: Strikes out swinging
Bottom of the 8th over - 3 runs, 1 hit, 0 errors, 2 left on base; Renton 6 - Tri-City 12
TOP OF THE 9TH
Renton Wrecks batting - Pitching for Tri-City Dust Devils : RHP Rich Doyle
Batting: LHB Christian Bryeans 0-0: Ball
1-0: Called Strike
1-1: Ball
2-1: Ball
3-1: Foul Ball, location: 2F
3-2: Base on Balls
Batting: RHB Rolando Pino 0-0: Foul Ball, location: 2F
0-1: Ball
1-1: Foul Ball, location: 2F
1-2: Strikes out swinging
Batting: SHB Ethan Charles 0-0: Called Strike
0-1: Ball
1-1: Swinging Strike
1-2: Fly out, F7 (Flyball, 7D, EV 91.3 MPH)
Batting: RHB Luis Gomez 0-0: Ball
1-0: Ball
2-0: Ball
3-0: Base on Balls
Christian Bryeans to second
Batting: RHB Stan Holmes 0-0: Foul Ball, location: 2F
0-1: Called Strike
0-2: DOUBLE (Flyball, 89D, EV 85.0 MPH)
Christian Bryeans scores
Luis Gomez to third
Batting: RHB Andrew Pratt 0-0: Swinging Strike
0-1: Fly out, F6 (Flyball, 56D, EV 71.9 MPH)
Top of the 9th over - 1 run, 1 hit, 0 errors, 2 left on base; Renton 7 - Tri-City 12
Thursday, August 20th, 2020 - OOTP Baseball 21.5 Build 76